 Dungeon Crawl Stone Soup version 0.30.1-11-g7821555f0a (webtiles) character file.

Game seed: 9404039757797742764

89 KittyFluff the Cudgeller (level 4, -1/43 HPs)
             Began as a Gargoyle Berserker on Nov 16, 2023.
             Was a Believer of Trog.
             Slain by Grinder (2 damage)
             ... while paralysed by Grinder
             ... on level 3 of the Dungeon.
             The game lasted 00:07:55 (1949 turns).

KittyFluff the Cudgeller (Gargoyle Berserker)       Turns: 1949, Time: 00:07:55

Health: -1/43      AC:  9    Str: 23    XL:     4   Next: 55%
Magic:  4/4        EV:  2    Int:  7    God:    Trog [**....]
Gold:   106        SH:  0    Dex:  9    Spells: 3/3 levels left

rFire   . . .        a - +0 mace
rCold   + . .        w - +0 buckler
rNeg    + . .        x - +2 robe {rC+}
rPois   ∞            (no helmet)
rElec   +            (no cloak)
rCorr   .            b - +0 pair of gloves
SInv    .            (no boots)
Will    .....        r - amulet of the acrobat Stlth
                     (no ring)
HPRegen 0.27/turn    (no ring)
MPRegen 0.09/turn

%: acrobat
@: paralysed, berserking
A: sickness immunity, AC +3, negative energy resistance 1, electricity
resistance, torment resistance 1, petrification resistance
a: Renounce Religion, Berserk, Trog's Hand


You were on level 3 of the Dungeon.
You worshipped Trog.
Trog was pleased with you.
You visited 1 branch of the dungeon, and saw 3 of its levels.

You collected 106 gold pieces.

Inventory:

Hand Weapons
 a - a +0 mace (weapon)
Armour
 b - a +0 pair of gloves (worn)
 l - a +0 leather armour
 w - a +0 buckler (worn)
 x - a +2 robe of cold resistance (worn)
Jewellery
 r - an amulet of the acrobat (around neck)
Scrolls
 c - a scroll of identify {unknown}
 d - 2 scrolls of poison {unknown}
 f - 2 scrolls of teleportation {unknown}
 h - a scroll of vulnerability {unknown}
 j - a scroll of fog {unknown}
 k - a scroll of enchant weapon {unknown}
 m - a scroll of immolation {unknown}
 p - a scroll of fear {unknown}
 q - a scroll of butterflies {unknown}
 t - 2 scrolls of magic mapping {unknown}
 y - a scroll of brand weapon {unknown}
Potions
 e - a potion of ambrosia {unknown}
 g - a potion of curing {unknown}
 i - a potion of resistance {unknown}
 n - a potion of heal wounds {unknown}
 o - a potion of haste {unknown}
 s - 2 potions of magic {unknown}
 u - a potion of cancellation {unknown}


   Skills:
 + Level 3.7 Fighting
 * Level 3.8 Maces & Flails
 * Level 3.2 Armour
 + Level 2.0 Dodging
 + Level 1.3 Stealth
 + Level 0.2 Shields


You had 3 spell levels left.
You didn't know any spells.
Your spell library was empty.

Dungeon Overview and Level Annotations

Branches:
Dungeon (3/15)

Altars:

Annotations:
D:3 Grinder


Innate Abilities, Weirdness & Mutations

You are immune to sickness and miasma.
Your stone body is resilient. (AC +3)
You are immune to poison.
You resist negative energy. (rN+)
You are resistant to electric shocks. (rElec)
You are resistant to unholy torment.
You are immune to petrification.


Message History

Found a blackened emerald ring.
Grinder gestures at you. Pain shoots through your body! Grinder misses you.
You hit Grinder.
Grinder is moderately wounded.
Grinder barely misses you.
You hit Grinder.
Grinder is moderately wounded.
Grinder looks more healthy.
Grinder says, "Just stop there for a second..."
Grinder hits you.
You hit Grinder.
Grinder is heavily wounded.
Grinder says, "Just stop there for a second..."
Grinder hits you.
You writhe in agony.
Grinder hits you.
You hit Grinder but do no damage.
Grinder is heavily wounded.
Grinder closely misses you.
You closely miss Grinder.
Grinder is heavily wounded.
Grinder gestures at you.
You barely resist. You barely miss Grinder.
Grinder is heavily wounded.
Grinder completely misses you.
A red film seems to cover your vision as you go berserk!
You feel yourself moving faster!
You feel mighty! Grinder hits you.
You hit Grinder but do no damage.
Grinder is heavily wounded.
Grinder hits you.
You writhe in agony.
* * * LOW HITPOINT WARNING * * *
You barely miss Grinder.
Grinder is heavily wounded.
Grinder gestures at you.
You suddenly lose the ability to move!
Grinder hits you!
* * * LOW HITPOINT WARNING * * *
You writhe in agony.
You die...

#.........##......#### ..
#.........##.........####
#...........####.........
#...##....... #.........
...####.......##.......(.
#.... ........##.....##..
#.... .......###.....## .
.........(.......
.#=...@.(##......
####.5..# ......
............#.
............###
#.............#
#.............#
##.....######## #.....


You could see Grinder.

Vanquished Creatures
  Jessica (D:3)
  An adder (D:3)
  2 bats
  6 endoplasms
  A giant cockroach (D:1)
  2 goblins (D:1)
  5 hobgoblins
  10 jackals
  4 kobolds
  2 quokkas
  6 ball pythons
  4 frilled lizards
  4 rats
48 creatures vanquished.

Notes
Turn   | Place    | Note
-------+----------+-------------------------------------------
     0 | D:1      | KittyFluff the Gargoyle Berserker began the quest for the
                  | Orb.
     0 | D:1      | Reached XP level 1. HP: 14/14 MP: 1/1
   233 | D:1      | Reached XP level 2. HP: 19/19 MP: 2/2
   436 | D:1      | Reached XP level 3. HP: 23/23 MP: 3/3
   662 | D:2      | Reached ** piety under Trog
   809 | D:2      | Found a faded altar of an unknown god.
  1657 | D:3      | Reached skill level 1 in Stealth
  1737 | D:3      | Reached XP level 4. HP: 29/29 MP: 4/4
  1770 | D:3      | Noticed Jessica
  1784 | D:3      | Killed Jessica
  1920 | D:3      | Noticed Grinder
  1925 | D:3      | Paralysed by Grinder for 5 turns
  1948 | D:3      | Paralysed by Grinder for 2 turns
  1949 | D:3      | HP: 1/43 [Grinder (9)]
  1949 | D:3      | Slain by Grinder

Illustrated notes

Levels and vault maps discovered:
D:1:      dpeg_arrival_morbid_curiosity, layout_basic
D:2:      layout_basic, serial_rivers, chequers_serial_rivers_micro_e,
          chequers_serial_rivers_marsh, chequers_serial_rivers_large_b,
          chequers_serial_rivers_small_a, chequers_serial_rivers_micro_a,
          chequers_serial_rivers_small_3, basic_ecumenical_altar
D:3:      layout_basic, uniq_grinder, uniq_jessica

Skill      XL: |  1  2  3  4 |
---------------+-------------+-----
Stealth        | 1 |  1.3
Armour         | 3 |  3.2
Dodging        | 2 |  2.0
Fighting       | |  3.7
Maces & Flails | |  3.8
Shields        | |  0.2

Action                     |  1- 3 |  4- 6 || total
---------------------------+-------+-------++-------
  Melee: Mace              |   110 |    31 ||   141
         Punch             |     1 |       ||     1
  Throw: Dart              |       |     4 ||     4
 Invoke: Berserk           |       |     1 ||     1
 Armour: Animal skin       |    24 |       ||    24
         Leather armour    |    38 |    16 ||    54
  Dodge: Dodged            |    97 |    39 ||   136
  Block: Buckler           |       |     6 ||     6
